An Brawl to the Death

Match 29079193
End
Construct Barracks
Selects Special Operations Battlegroup
Selects M29 Weasel Recon Vehicle
M29 Weasel Recon Vehicle
Riflemen Squad
Riflemen Squad
Grenade Package
Construct Weapon Support Center
Construct Medical Station
M1 Mortar Team
M1919 Machine Gun Team
Mechanized Support Center
Construct Motor Pool
M24 Chaffee Light Tank
M1 Anti-tank Gun Team
Engineer Squad
M1918 Browning Automatic Rifles
Selects P-47 Anti-Infantry Loiter
P-47 Anti-Infantry Loiter
M3 Armored Personnel Carrier
M1 Anti-tank Gun Team
P-47 Anti-Infantry Loiter
Construct Tank Depot
Selects UNKNOWN (2162291)
Selects Smoke Screen
Selects SSF Commando Squad
M4A1 Sherman Whizbang
P-47 Anti-Infantry Loiter
M4A1 Sherman Medium Tank
Engineer Squad
M4A1 76mm Conversion
P-47 Anti-Infantry Loiter
Smoke Screen
P-47 Anti-Infantry Loiter
M4A1(76) Sherman Medium Tank
Smoke Screen
P-47 Anti-Infantry Loiter
M4A1(76) Sherman Medium Tank
M4A1(76) Sherman Medium Tank
Selects Air Re-supply Operation
M3 Armored Personnel Carrier
Smoke Screen
M4A1(76) Sherman Medium Tank
P-47 Anti-Infantry Loiter
M1 Anti-tank Gun Team
Smoke Screen
M1 Anti-tank Gun Team
Riflemen Squad
P-47 Anti-Infantry Loiter
Riflemen Squad
Smoke Screen
M3 Armored Personnel Carrier
P-47 Anti-Infantry Loiter
Ned
[BRE] Hector {]-KAANUUN-[}
Jimbo Rustles
Alexus
Noot Noot
[GI] Bilbo Swaggins
0
0

Comments sign in to comment!

No comments posted yet!